 Dungeon Crawl Stone Soup version 0.26.1-2-gb8aa6d0cf2 (webtiles) character file.

Game seed: 474204791278245415

1291580 Gauvater the Conqueror (level 27, -2/292 HPs)
             Began as a Palentonga Fighter on Feb 15, 2021.
             Was the Champion of Wu Jian.
             Killed from afar by a hellion (31 damage)
             ... with damnation
             ... on level 7 of the Iron City of Dis on Feb 24, 2021.
             The game lasted 22:23:37 (149253 turns).

Gauvater the Conqueror (Palentonga Fighter)       Turns: 149253, Time: 22:23:37

Health: -2/292     AC: 39    Str: 48    XL:     27
Magic:  0/25       EV: 21    Int: 12    God:    Wu Jian [******]
Gold:   4776       SH: 21    Dex: 12    Spells: 26/26 levels left

rFire    + + +     SeeInvis +   H - +5 morningstar "Lauquarhor" {holy, rN++ Will-}
rCold    + + +     Faith    .   L - +2 shield of Resistance {rF++ rC++ Will++}
rNeg     + + +     Spirit   +   k - +4 moon troll leather armour {Spirit, Regen++ MP+5}
rPois    +         Reflect  .   (no helmet)
rElec    +         Harm     .   w - +2 cloak {Will+}
rCorr    .         Rampage  .   T - +2 pair of gloves {Str+3}
Will     +++..     Rnd*Rage +   o - +4 barding
Stlth    ++++......             d - amulet of Xuic {Acrobat +Blink rElec Will- Str+4}
HPRegen  1.38/turn              M - ring "Lepsev" {*Drain rPois rN+ Str+10 Int+2}
MPRegen  0.19/turn              y - ring of Caclelin {Dex+2 Slay+4}

@: slowed, curled up, very slow
A: large, hooves 1, stinger 1, rugged brown scales 3, see invisible, berserk 2,
cold resistance 2, deformed body, fire resistance 1, low mp 1, roll 1, armoured
tail, reflexive curl
}: 12/15 runes: barnacled, slimy, silver, obsidian, icy, bone, demonic, glowing,
magical, fiery, dark, gossamer
a: Rolling Charge, Renounce Religion, Evoke Blink, Wall Jump, Serpent's Lash,
Heavenly Storm


You were on level 7 of the Iron City of Dis.
You worshipped Wu Jian.
Wu Jian was exalted by your worship.
You visited 18 branches of the dungeon, and saw 88 of its levels.
You visited Pandemonium 2 times, and saw 24 of its levels.
You visited 1 bazaar.
You also visited: Ossuary, Gauntlet and Wizlab.

You collected 13377 gold pieces.
You spent 8601 gold pieces at shops.

Inventory:

Hand Weapons
 a - a +9 broad axe of draining
 c - a +9 demon whip of flaming
 f - a +8 vorpal broad axe
 G - a +4 antimagic demon trident
 H - the +5 morningstar "Lauquarhor" (weapon) {holy, rN++ Will-}
   (You found it on level 9 of the Dungeon)

   It has been blessed by the Shining One to cause great damage to the undead
   and demons.
   It greatly protects you from negative energy.
   It affects your willpower, your defense against some magical effects.
 O - the +7 hand axe of Wisdom {venom, rC+ Will+ Str+4 Dex-2}
   (You found it on level 6 of the Dungeon)

   It poisons the flesh of those it strikes.
   It affects your strength (+4).
   It affects your dexterity (-2).
   It protects you from cold.
   It affects your willpower, your defense against some magical effects.
Missiles
 u - 30 atropa-tipped darts
 W - 63 silver javelins
Armour
 k - the +4 moon troll leather armour (worn) {Spirit, Regen++ MP+5}
   (You bought it in a shop on level 1 of the Elven Halls)

   It affects your magic capacity (+5).
   It increases your rate of regeneration.
 o - a +4 barding (worn)
 w - a +2 cloak of willpower (worn)
 L - the +2 shield of Resistance (worn) {rF++ rC++ Will++}
   (You acquired it on level 1 of the Vaults)

   It greatly protects you from fire.
   It greatly protects you from cold.
   It affects your willpower, your defense against some magical effects.
 T - a +2 pair of gloves of strength (worn)
Jewellery
 d - the amulet of Xuic (around neck) {Acrobat +Blink rElec Will- Str+4}
   (You found it on level 4 of the Realm of Zot)

   [amulet of the acrobat]

   It helps you evade while moving and waiting.
   It affects your strength (+4).
   It insulates you from electricity.
   It affects your willpower, your defense against some magical effects.
   It lets you blink.
 m - the ring of Obsession {+Fly rPois Dex+6}
   (You found it in a Gauntlet)

   [ring of dexterity]

   It affects your dexterity (+6).
   It protects you from poison.
   It lets you fly.
 t - the ring of Mozyiwin {rElec rPois rF+ Str+5}
   (You found it on level 7 of Tartarus)

   [ring of protection from fire]

   It affects your strength (+5).
   It protects you from fire.
   It insulates you from electricity.
   It protects you from poison.
 v - the ring "Godus" {rF+ Will+}
   (You found it on level 7 of Tartarus)

   [ring of willpower]

   It protects you from fire.
   It affects your willpower, your defense against some magical effects.
 y - the ring of Caclelin (right hand) {Dex+2 Slay+4}
   (You found it on level 7 of Tartarus)

   [ring of slaying]

   It affects your dexterity (+2).
   It affects your accuracy and damage with ranged weapons and melee attacks
   (+4).
 A - the ring "Haq Remeid" {Fire rN+ Dex+2 SInv}
   (You took it off an efreet in Pandemonium)

   [ring of fire]

   It enhances your fire magic.
   It affects your dexterity (+2).
   It protects you from fire.
   It makes you vulnerable to cold.
   It protects you from negative energy.
   It lets you see invisible.
 C - the ring of Firhabal {rCorr Str+3}
   (You found it on level 2 of the Depths)

   [ring of resist corrosion]

   It affects your strength (+3).
   It provides partial protection from all sources of acid and corrosion.
 M - the ring "Lepsev" (left hand) {*Drain rPois rN+ Str+10 Int+2}
   (You found it on level 3 of the Crypt)

   [ring of positive energy]

   It affects your strength (+10).
   It affects your intelligence (+2).
   It protects you from poison.
   It protects you from negative energy.
   It causes draining when unequipped.
 U - an uncursed amulet of reflection
Wands
 b - a wand of polymorph (57)
 z - a wand of digging (9)
 F - a wand of paralysis (19)
 N - a wand of iceblast (88)
 S - a wand of disintegration (37)
 X - a wand of acid (67)
 Z - a wand of enslavement (18)
Scrolls
 e - a scroll of remove curse
 g - 9 scrolls of teleportation
 h - 4 scrolls of summoning
 i - 2 scrolls of blinking
 n - 11 scrolls of fear
 x - 8 scrolls of immolation
 B - 8 scrolls of fog
 D - 3 scrolls of holy word
 E - 10 scrolls of identify
 Y - 2 scrolls of silence
Potions
 p - 12 potions of curing
 r - 7 potions of haste
 s - 12 potions of ambrosia
 I - 4 potions of cancellation
 J - a potion of brilliance
 P - 10 potions of lignification
 Q - 4 potions of resistance
Miscellaneous
 j - a tin of tremorstones (2/2)
 l - a lightning rod (4/4)
 q - a phantom mirror
 V - a condenser vane


   Skills:
 O Level 27 Fighting
 + Level 3.1 Long Blades
 - Level 24.8(27) Axes
 * Level 23.4(27) Maces & Flails
 - Level 13.1(19.5) Polearms
 * Level 3.6 Crossbows
 - Level 4.0 Throwing
 - Level 21.9 Armour
 * Level 23.9 Dodging
 * Level 11.0 Stealth
 - Level 22.0 Shields
 * Level 22.2 Evocations


You had 26 spell levels left.
You didn't know any spells.
Your spell library contained the following spells:

 Spells                   Type           Power        Failure   Level
 Animate Skeleton         Necr           0%           34%         1
 Apportation              Tloc           0%           34%         1
 Beastly Appendage        Tmut           0%           34%         1
 Corona                   Hex            0%           34%         1
 Foxfire                  Conj/Fire      0%           34%         1
 Magic Dart               Conj           0%           34%         1
 Pain                     Necr           0%           34%         1
 Sandblast                Erth           0%           34%         1
 Sting                    Tmut/Pois      0%           34%         1
 Summon Small Mammal      Summ           0%           34%         1
 Blink                    Tloc           N/A          45%         2
 Call Imp                 Summ           0%           45%         2
 Corpse Rot               Necr/Air       N/A          45%         2
 Ensorcelled Hibernation  Hex/Ice        0%           45%         2
 Passwall                 Tmut/Erth      0%           45%         2
 Poisonous Vapours        Pois/Air       0%           45%         2
 Searing Ray              Conj           0%           45%         2
 Slow                     Hex            0%           45%         2
 Sublimation of Blood     Necr           0%           45%         2
 Swiftness                Air            0%           45%         2
 Wereblood                Tmut           0%           45%         2
 Call Canine Familiar     Summ           0%           71%         3
 Confusing Touch          Hex            0%           71%         3
 Conjure Flame            Conj/Fire      0%           71%         3
 Dazzling Flash           Conj/Hex       0%           71%         3
 Frozen Ramparts          Ice            0%           71%         3
 Gell's Gravitas          Tloc           0%           71%         3
 Ignite Poison            Fire/Tmut/Pois 0%           71%         3
 Inner Flame              Hex/Fire       0%           71%         3
 Lesser Beckoning         Tloc           0%           71%         3
 Mephitic Cloud           Conj/Pois/Air  0%           71%         3
 Ozocubu's Armour         Ice            0%           71%         3
 Portal Projectile        Hex/Tloc       0%           71%         3
 Spider Form              Tmut/Pois      0%           71%         3
 Static Discharge         Conj/Air       0%           71%         3
 Stone Arrow              Conj/Erth      0%           71%         3
 Summon Guardian Golem    Hex/Summ       0%           71%         3
 Tukima's Dance           Hex            0%           71%         3
 Animate Dead             Necr           0%           98%         4
 Cause Fear               Hex            0%           98%         4
 Dispel Undead            Necr           0%           98%         4
 Fulminant Prism          Conj/Hex       0%           98%         4
 Hailstorm                Conj/Ice       0%           98%         4
 Ice Form                 Ice/Tmut       0%           98%         4
 Iskenderun's Mystic Bla  Conj/Tloc      0%           98%         4
 Leda's Liquefaction      Hex/Erth       0%           98%         4
 Olgreb's Toxic Radiance  Pois           0%           98%         4
 Passage of Golubria      Tloc           N/A          98%         4
 Petrify                  Tmut/Erth      0%           98%         4
 Sticky Flame             Conj/Fire      0%           98%         4
 Summon Ice Beast         Ice/Summ       0%           98%         4
 Summon Lightning Spire   Summ/Air       0%           98%         4
 Agony                    Necr           0%           100%        5
 Alistair's Intoxication  Tmut/Pois      0%           100%        5
 Blade Hands              Tmut           0%           100%        5
 Bolt of Magma            Conj/Fire/Erth 0%           100%        5
 Borgnjor's Vile Clutch   Necr/Erth      0%           100%        5
 Excruciating Wounds      Necr           0%           100%        5
 Fireball                 Conj/Fire      0%           100%        5
 Irradiate                Conj/Tmut      0%           100%        5
 Lee's Rapid Deconstruct  Erth           0%           100%        5
 Lightning Bolt           Conj/Air       0%           100%        5
 Metabolic Englaciation   Hex/Ice        0%           100%        5
 Silence                  Hex/Air        0%           100%        5
 Summon Demon             Summ           0%           100%        5
 Summon Forest            Summ/Tloc      0%           100%        5
 Summon Mana Viper        Hex/Summ       0%           100%        5
 Yara's Violent Unravell  Hex/Tmut       0%           100%        5
 Conjure Ball Lightning   Conj/Air       0%           100%        6
 Death Channel            Necr           0%           100%        6
 Dispersal                Tloc           0%           100%        6
 Eringya's Noxious Bog    Tmut/Pois      0%           100%        6
 Freezing Cloud           Conj/Ice/Air   0%           100%        6
 Hydra Form               Tmut           0%           100%        6
 Invisibility             Hex            0%           100%        6
 Iron Shot                Conj/Erth      0%           100%        6
 Shadow Creatures         Summ           N/A          100%        6
 Simulacrum               Ice/Necr       0%           100%        6
 Starburst                Conj/Fire      0%           100%        6
 Statue Form              Tmut/Erth      0%           100%        6
 Dragon Form              Tmut           0%           100%        7
 Orb of Destruction       Conj           0%           100%        7
 Spellforged Servitor     Conj/Summ      0%           100%        7
 Summon Hydra             Summ           0%           100%        7
 Chain Lightning          Conj/Air       0%           100%        8
 Discord                  Hex            0%           100%        8
 Disjunction              Tloc           0%           100%        8
 Ignition                 Fire           0%           100%        8
 Lehudib's Crystal Spear  Conj/Erth      0%           100%        8
 Absolute Zero            Ice            0%           100%        9
 Fire Storm               Conj/Fire      0%           100%        9
 Shatter                  Erth           0%           100%        9
 Tornado                  Air            0%           100%        9


Dungeon Overview and Level Annotations

Branches:
Dungeon (15/15)            Temple (1/1) D:6            Lair (6/6) D:9
 Shoals (4/4) Lair:3       Spider (4/4) Lair:2        Slime (5/5) Lair:5
    Orc (2/2) D:9             Elf (3/3) Orc:2        Vaults (5/5) D:13
  Crypt (3/3) Vaults:2       Tomb (1/3) Crypt:3      Depths (5/5) D:15
   Hell (visited)             Dis (7/7) Hell            Geh (7/7) Hell
    Coc (7/7) Hell            Tar (7/7) Hell            Zot (5/5) Depths:5
Ossuary (visited)          WizLab (visited)         Gauntlet (visited)

Altars:
Ashenzari
Cheibriados
Dithmenos
Fedhas
Hepliaklqana
Kikubaaqudgha
Makhleb
Nemelex Xobeh
Okawaru
Qazlal
Ru
Sif Muna
Trog
Vehumet
Wu Jian
Xom
Yredelemnul
Zin
The Shining One
Beogh
Jiyva

Shops:
D:7 !*   D:10 *:[   D:14 [   Orc:2 }:![   Elf:1 [   Shoals:1 ?   Vaults:3 !:
Vaults:5 [}}   Depths:2 =   Depths:3 *   Depths:4 }=}

Portals:
Hell: Depths:1 Depths:2 Depths:3 Depths:4 Depths:5
Abyss: Depths:4
Pandemonium: Depths:1 Depths:2 Depths:3 Depths:4
Ziggurat: Depths:5

Annotations:
D:3 1 runed translucent door, Crazy Yiuf
Lair:1 3 runed translucent doors, Xixaub Eqygg's ghost, journeyman DrTm
Lair:6 exclusion: oklob plant
Shoals:1 exclusion: obsidian statue
Crypt:1 9 runed translucent doors, Mennas
Depths:4 1 exclusion
Dis:7 Serpent of Hell


Innate Abilities, Weirdness & Mutations

You are completely covered in rugged brown scales. (AC +3, +7% HP)
You have supernaturally acute eyesight. (SInv)
Armour fits poorly on your strangely shaped body.
You can roll at nearby foes to attack.
You have a long armoured tail.
You curl defensively after being hit.
You have large cloven feet.
Your tail ends in a poisonous barb.
You often lose your temper in combat.
Your flesh is very cold resistant. (rC++)
Your flesh is heat resistant. (rF+)
Your magical capacity is low. (-10% MP)


Message History

The Hell Sentinel completely resists.
A hellion comes into view.
You hear words spoken in a strange and terrible language...
Multicoloured lights dance before your eyes.
You feel strangely stable.
You feel yourself slow down.
The Ice Fiend calls on the powers of darkness!
Your body is wracked with pain!
* * * LOW HITPOINT WARNING * * *
The Hell Sentinel gestures at you.
The sphere of damnation explodes!
The damnation engulfs you!!
* * * LOW HITPOINT WARNING * * *
The Ice Fiend calls on the powers of darkness!
Your body is wracked with pain!
* * * LOW HITPOINT WARNING * * *
Something shouts, "I shall devour thy spine!"
You feel better. The hellion gestures at you.
The sphere of damnation explodes!
The damnation engulfs you!!
You die...

*,,,,#...#*#....,,,8**,*
*,,,*#...##...#T*,,,**,*
*,,,,#.8..'.....,,,,,*,*
*,,,,#.8)2'....2,,,,,*,*
*,,,*#.2.#*,,,*,*,,,**,*
*,,,,#[1T#**,,,,,,,8**,*
*,,,*##2## *,,,,,,8**,,*
*,,,,,#†1# **,*,,,***,,*
*,,,,,##@## *,,,***,,,,*
*,,,,,,#..##**,,,,,,,,,*#
*,,,,,,##..##**********##
*,,,,...##..############.
*,,,,....##...#......#...
*,,,,.....###.+...8..+.##
*,,,,.......###...†.)###.
*,,,,.........########...
*,,,,.........#.#..#.#...


You could see a Hell Sentinel, an Ice Fiend, a hellion and a tormentor.

Vanquished Creatures
  Cerebov (Pan)
  Antaeus (Coc:7)
  the Royal Jelly (Slime:5)
  Asmodeus (Geh:7)
  Ereshkigal (Tar:7)
  Gloorx Vloq (Pan)
  Lom Lobon (Pan)
  5 orbs of fire (Zot:5)
  Khufu (Crypt:2)
  Mara (Elf:3)
  2 juggernauts
  14 ancient liches
  4 royal mummies
  Sojobo (Crypt:2)
  15 shard shrikes
  Frederick (Vaults:5)
  Bai Suzhen (Vaults:2)
  Boris (twice) (Vaults:2 Crypt:1)
  3 Killer Klowns (Zot:5)
  Geryon (Hell)
  A caustic shrike (Depths:3)
  Jory (Crypt:3)
  10 golden dragons
  the Enchantress (Depths:4)
  9 doom hounds
  12 bone dragons
  23 Brimstone Fiends
  7 iron giants
  5 electric golems
  26 Tzitzimimeh
  A hellephant (Pan)
  24 Ice Fiends
  25 tentacled monstrosities
  5 pandemonium lords (Pan)
  Rupert (D:13)
  24 Orb Guardians (Zot:5)
  Asterion (Spider:2)
  7 quicksilver dragons
  10 titans
  2 deep elf blademasters
  7 liches
  9 death cobs
  Gastronok (Lair:1)
  8 Hell Sentinels
  3 deep elf master archers (Elf:3)
  Murray (Depths:5)
  35 Executioners (Pan)
  14 ancient champions
  29 acid blobs
  18 storm dragons
  11 shadow dragons
  9 sphinxes
  Donald (Vaults:2)
  6 tengu reavers
  A fire giant (shapeshifter) (Vaults:2)
  12 draconian monks
  A revenant (Crypt:3)
  19 azure jellies
  9 fire giants
  4 draconian knights
  9 frost giants
  12 deep elf sorcerers
  19 vault wardens
  7 black suns (Pan)
  5 warmongers (Pan)
  5 draconian scorchers
  8 emperor scorpions
  5 corrupters (Pan)
  3 ghouls (Crypt:2)
  6 iron dragons
  Louise (Depths:4)
  2 draconian shifters
  47 balrugs
  A caustic shrike zombie (Crypt:3)
  5 ghost moths
  8 deep elf elementalists
  4 draconian stormcallers
  22 cacodemons (Pan)
  15 ironheart preservers
  4 elemental wellsprings
  3 curse skulls
  5 draconian annihilators
  59 reapers
  28 very ugly things
  3 spriggan defenders (Depths:4)
  2 juggernaut skeletons (Depths:4)
  13 war gargoyles
  13 blood saints (Pan)
  21 stone giants
  5 deep elf demonologists
  2 bennus (Tomb:1)
  15 black draconians
  10 green draconians
  35 vampire knights
  12 lorocyprocas
  14 white draconians
  A bunyip (shapeshifter) (Vaults:5)
  Azrael (Orc:2)
  6 red draconians
  3 entropy weavers
  8 ettins
  70 large abominations
  8 yellow draconians
  8 spark wasps
  17 deep elf annihilators
  7 purple draconians
  A dire elephant (Lair:6)
  A minotaur (Gauntlet)
  5 eidola
  6 merfolk javelineers
  32 blizzard demons
  13 merfolk impalers
  An eleionoma (shapeshifter) (Vaults:5)
  4 death oozes
  24 green deaths
  A crystal guardian (Vaults:4)
  13 deep elf death magi
  12 fire dragons
  7 mummy priests (Tomb:1)
  18 great orbs of eyes
  2 kraken zombies
  25 yaktaur captains
  8 jiangshi
  8 deep elf high priests
  Harold (D:8)
  10 quicksilver dragon zombies
  Erolcha (Orc:2)
  14 hell beasts
  10 rakshasas
  9 monstrous demonspawn (Pan)
  24 ice dragons
  8 spriggan air magi
  6 quicksilver dragon skeletons
  2 juggernaut simulacra (Pan)
  4 hydras
  13 boulder beetles
  35 vault guards
  14 centaur warriors
  2 ghost crabs (Tar:5)
  3 merfolk avatars
  6 merfolk aquamancers
  21 two-headed ogres
  5 satyrs
  9 deep troll shamans
  9 death knights
  2 alligator snapping turtles (Shoals:4)
  2 catoblepae
  34 dancing weapons
  10 death scarabs (Tomb:1)
  11 vampire magi
  15 deep troll earth magi
  9 ogre magi
  7 tengu warriors
  37 hell hogs
  69 hell knights
  4 titan zombies
  4 spriggan berserkers
  A spectral spriggan (Depths:3)
  59 soul eaters
  96 sun demons
  5 storm dragon skeletons
  2 iron golems
  22 deep elf knights
  5 storm dragon zombies
  A fire crab (shapeshifter) (Vaults:5)
  7 titan skeletons
  27 sixfirhies (Pan)
  8 iron trolls
  Nergalle (Orc:2)
  A ghost moth zombie (Coc:3)
  A sea snake (shapeshifter) (D:13)
  12 shadow wraiths
  5 golden dragon zombies
  238 skeletal warriors
  A spectral elf (Depths:3)
  A swamp dragon (shapeshifter) (Vaults:2)
  A goliath frog (shapeshifter) (Depths:3)
  14 sea snakes
  A death drake (Tar:7)
  12 anaconda zombies
  12 torturous demonspawn (Pan)
  10 golden dragon skeletons
  12 wizards
  18 flayed ghosts
  2 quicksilver dragon simulacra (Coc:6)
  5 glowing orange brains
  8 infernal demonspawn
  16 shadow demons
  7 unseen horrors
  27 deep trolls
  A spark wasp zombie (Depths:4)
  A death drake (shapeshifter) (Vaults:5)
  8 ironbrand convokers
  An orange crystal statue (Spider:1)
  43 phantasmal warriors
  12 gelid demonspawn (Pan)
  Pikel (D:4)
  22 deep elf archers
  16 orc knights
  6 shadow dragon zombies
  8 anaconda skeletons
  22 harpies
  29 necromancers
  12 orb spiders
  12 stone giant zombies
  11 fire giant zombies
  12 iron dragon zombies
  31 wolf spiders
  A shining eye (shapeshifter) (Vaults:5)
  61 ugly things
  3 wolf spider zombies
  8 cyclopes
  12 manticores
  8 shadow dragon skeletons
  82 deep elf magi
  13 frost giant zombies
  10 shining eyes
  12 orc sorcerers
  3 human zombies
  A salamander (Depths:5)
  11 fauns
  11 stone giant skeletons
  31 moths of wrath
  10 merfolk sirens
  4 frost giant skeletons
  22 rust devils
  9 dire elephant zombies
  A guardian serpent (D:14)
  Joseph (D:7)
  10 iron dragon skeletons
  18 vault sentinels
  A black mamba (shapeshifter) (Depths:1)
  8 human skeletons
  A shock serpent zombie (Tar:4)
  5 eyes of devastation
  An eye of devastation (shapeshifter) (Vaults:5)
  2 torpor snails
  5 black mambas
  73 smoke demons
  A shock serpent skeleton (Coc:7)
  7 fire giant skeletons
  14 molten gargoyles
  A guardian serpent (shapeshifter) (Vaults:5)
  35 orange demons (Pan)
  2 storm dragon simulacra
  2 water nymphs
  13 cane toads
  5 catoblepas zombies
  49 hellions
  5 dire elephant skeletons
  4 emperor scorpion zombies
  2 rime drakes (Lair:4)
  42 ice devils
  60 tormentors
  44 freezing wraiths
  51 demonic crawlers
  4 tengu conjurers
  16 efreet
  A komodo dragon (shapeshifter) (Vaults:5)
  10 guardian mummies (Tomb:1)
  11 komodo dragons
  53 yaktaurs
  73 red devils
  A white draconian skeleton (Crypt:3)
  2 silent spectres
  3 anaconda simulacra
  A red draconian skeleton (Crypt:1)
  31 hellwings (Pan)
  2 harpy zombies
  21 hydra zombies
  12 polar bears
  21 merfolk
  A yaktaur skeleton (Vaults:1)
  A polar bear (shapeshifter) (Vaults:2)
  13 jumping spiders
  24 wind drakes
  7 trolls
  A wind drake (shapeshifter) (Depths:1)
  An iron troll skeleton (Dis:4)
  4 harpy skeletons
  6 hydra skeletons
  6 fire dragon zombies
  4 hornets
  9 ice dragon zombies
  19 alligator zombies
  99 slime creatures
  15 blink frogs
  3 meliai zombies
  10 snapping turtles
  A fire giant simulacrum (Coc:6)
  A blink frog (shapeshifter) (Depths:5)
  A satyr zombie (Crypt:3)
  17 dream sheep
  A raiju (shapeshifter) (Depths:2)
  10 ettin zombies
  A frost giant simulacrum (Coc:2)
  3 black mamba zombies
  2 air elementals
  4 alligator skeletons
  10 ice dragon skeletons
  4 vampires (WizLab)
  A redback (shapeshifter) (Vaults:5)
  6 fire dragon skeletons
  41 shadows
  122 flying skulls
  71 redbacks
  A spriggan (Depths:4)
  A human (shapeshifter) (Vaults:3)
  2 tarantellas (shapeshifter)
  55 wraiths
  36 yaks
  45 ynoxinuls
  6 basilisks
  A wyvern (Lair:4)
  A black mamba skeleton (Pan)
  18 tarantellas
  A basilisk (shapeshifter) (Depths:4)
  9 ettin skeletons
  3 ushabtiu (Tomb:1)
  5 fire bats
  28 water elementals
  26 chaos spawn
  16 humans (D:13)
  17 golden eyes
  19 neqoxecs (Pan)
  34 fire elementals
  A hog (shapeshifter) (Vaults:2)
  A merfolk zombie (Geh:7)
  3 two-headed ogre zombies (WizLab)
  A deep troll zombie (Crypt:1)
  6 vampire mosquitoes
  A gelid demonspawn zombie (Geh:7)
  6 wargs
  A naga (shapeshifter) (Depths:1)
  15 water moccasins
  14 cane toad zombies
  A warg (shapeshifter) (Vaults:2)
  10 ogre zombies
  2 acid dragons
  A soldier ant (D:15)
  A water nymph zombie (Crypt:2)
  2 hydra simulacra
  A monstrous demonspawn skeleton (Crypt:1)
  107 hell hounds
  2 merfolk skeletons
  7 cane toad skeletons
  14 ice beasts
  3 swamp dragon zombies
  A fire dragon simulacrum (Coc:4)
  8 snapping turtle zombies
  4 manticore zombies
  24 necrophages
  30 orc warriors
  14 black bears
  7 phantoms
  2 sky beasts
  A spriggan simulacrum (Depths:2)
  An ice dragon simulacrum (Coc:4)
  35 ogres
  7 boggarts
  5 eyes of draining
  A lindwurm skeleton (Crypt:2)
  3 snapping turtle skeletons
  8 manticore skeletons
  3 swamp dragon skeletons
  28 centaurs
  A torpor snail zombie (Crypt:2)
  35 wolves
  3 big kobolds
  A palentonga zombie (Crypt:3)
  13 bullfrogs
  6 earth elementals
  A cane toad simulacrum (Coc:3)
  A glowing shapeshifter simulacrum (Vaults:3)
  A water moccasin zombie (Ossuary)
  5 scorpions
  3 wyvern skeletons
  6 troll zombies (WizLab)
  14 killer bees
  104 wights
  A troll skeleton (Geh:7)
  3 electric eels
  6 howler monkeys
  7 centaur zombies
  7 crimson imps
  3 bullfrog zombies
  A quasit (D:13)
  A human simulacrum (Vaults:1)
  13 hounds
  3 jellies
  16 orc priests
  4 bullfrog skeletons
  30 iron imps
  38 orc wizards
  4 centaur skeletons
  29 mummies
  Jessica (D:4)
  Terence (D:2)
  5 iguanas
  5 hell rats (Lair:6)
  12 worker ants
  A killer bee zombie (Ossuary)
  A tengu zombie (Coc:7)
  2 naga zombies
  2 hound zombies (Ossuary)
  A tengu skeleton (Geh:4)
  2 howler monkey zombies (Ossuary)
  5 worker ant zombies
  14 adders
  5 gnolls
  18 shadow imps
  17 white imps
  2 ufetubi
  An ooze (D:2)
  2 adder skeletons
  An adder zombie (D:8)
  An iguana skeleton (Crypt:2)
  4 dart slugs
  10 leopard geckos
  83 orcs
  A ball python (D:1)
  7 bats
  5 giant cockroaches
  4 goblins (D:1)
  4 hobgoblins
  3 jackals (D:3)
  5 quokkas
  A ball python zombie (Crypt:1)
  3 frilled lizards
  17 kobolds
  A kobold skeleton (Crypt:2)
  A kobold zombie (Hell)
  5 leopard gecko zombies
  An orc skeleton (Crypt:1)
  2 orc zombies
  2 quokka skeletons (D:5)
  3 quokka zombies (Ossuary)
  8 rats
  A rat skeleton (Crypt:3)
  4 ball lightnings (Pan)
  3 crawling corpses
  2 fire vortices (Pan)
  A tentacle (Coc:3)
5387 creatures vanquished.

Vanquished Creatures (collateral kills)
  Mnoleg (Pan)
  Margery (Depths:4)
  2 sphinxes (Tomb:1)
  3 cacodemons (Pan)
  3 very ugly things (Pan)
  A blizzard demon (Pan)
  A soul eater (Pan)
  An infernal demonspawn (Pan)
  A wolf spider (Vaults:1)
  A manticore (D:15)
  A large abomination (Pan)
  2 chaos spawn (Pan)
  A neqoxec (Pan)
  A bullfrog (D:15)
20 creatures vanquished.

Vanquished Creatures (others)
  Nikola (Spider:4)
  An Orb Guardian (Zot:5)
  An eldritch tentacle (Pan)
  A deep elf elementalist (Vaults:5)
  A rakshasa (Pan)
  2 hell hogs
  A skeletal warrior (Coc:7)
  A deep elf knight (Vaults:1)
  A wizard (Pan)
  An orb spider (Spider:4)
  A deep elf mage (Vaults:2)
  A wolf spider (Spider:4)
  A smoke demon (Pan)
  7 hellions (Pan)
  A tormentor (Pan)
  A demonic crawler (Pan)
  A snapping turtle (Shoals:4)
  A ynoxinul (Pan)
  A wraith (Geh:2)
  A large abomination (Pan)
  A fire bat (Pan)
  A chaos spawn (Pan)
  A necrophage (Tar:7)
  An elf zombie (Crypt:2)
  2 wights
  An orc priest (Orc:1)
  A human skeleton (Geh:6)
  An orc wizard (Orc:2)
  8 ball lightnings (Pan)
  3 demonic plants (Gauntlet)
  30 fungi
  262 plants
  24 tentacles
  4 withered plants (Ossuary)
367 creatures vanquished.

Grand Total: 5774 creatures vanquished

Notes
Turn   | Place    | Note
-------+----------+-------------------------------------------
     0 | D:1      | Gauvater the Palentonga Fighter began the quest for the
                  | Orb.
     0 | D:1      | Reached XP level 1. HP: 20/20 MP: 1/1
   143 | D:1      | Reached XP level 2. HP: 23/27 MP: 2/2
   404 | D:1      | Reached XP level 3. HP: 33/33 MP: 3/3
  1314 | D:2      | Reached XP level 4. HP: 26/40 MP: 4/4
  1595 | D:2      | Found a broken altar of Ashenzari.
  1766 | D:2      | Found a shadowy altar of Dithmenos.
  2121 | D:2      | Found a shimmering altar of Xom.
  2350 | D:3      | Noticed Terence
  2752 | D:3      | Found a runed translucent door.
  2753 | D:3      | Noticed Crazy Yiuf
  2802 | D:3      | Found a snail-covered altar of Cheibriados.
  3355 | D:3      | Reached XP level 5. HP: 48/48 MP: 5/5
  3432 | D:2      | Killed Terence
  4712 | D:4      | Noticed an ogre
  4713 | D:4      | Noticed a centaur
  4850 | D:4      | Killed an ogre
  4851 | D:4      | Reached XP level 6. HP: 42/55 MP: 6/6
  4861 | D:3      | Reached skill level 4 in Fighting
  5075 | D:4      | Reached skill level 1 in Maces & Flails
  5120 | D:4      | Got a sparkling brass amulet
  5131 | D:4      | Identified the amulet of the Five Xenops {rC+ Regen+ Str+3}
                  | (You found it on level 4 of the Dungeon)
  5213 | D:4      | Gained mutation: You curl defensively after being hit.
                  | [Palentonga growth]
  5213 | D:4      | Reached XP level 7. HP: 63/63 MP: 7/7
  5280 | D:4      | Noticed Pikel
  5291 | D:4      | Killed Pikel
  5292 | D:4      | Reached skill level 1 in Dodging
  5292 | D:4      | Reached XP level 8. HP: 59/71 MP: 8/8
  5323 | D:4      | Found a sparkling altar of Nemelex Xobeh.
  5493 | D:4      | Noticed Jessica
  5604 | D:4      | Found a shimmering blue altar of Sif Muna.
  5607 | D:4      | Killed Jessica
  5692 | D:4      | Found a blossoming altar of Fedhas.
  5719 | D:5      | Entered Level 5 of the Dungeon
  5762 | D:5      | Found a hazy altar of Hepliaklqana.
  6400 | D:6      | Found a sand-covered staircase.
  6427 | D:6      | Got an ancient hand axe
  6429 | D:6      | Identified the +7 hand axe of Wisdom {venom, rC+ Will+
                  | Str+4 Dex-2} (You found it on level 6 of the Dungeon)
  6436 | D:6      | Found a burning altar of Makhleb.
  6437 | D:6      | Reached skill level 5 in Armour
  6437 | D:6      | Reached skill level 1 in Evocations
  6450 | D:6      | Reached skill level 5 in Fighting
  6454 | D:6      | Reached skill level 5 in Axes
  6470 | Ossuary  | Entered an ossuary
  6584 | Ossuary  | Reached skill level 5 in Maces & Flails
  6641 | Ossuary  | Reached XP level 9. HP: 79/79 MP: 9/9
  6964 | D:6      | Found a burning altar of Makhleb.
  6982 | D:6      | Found a staircase to the Ecumenical Temple.
  6997 | Temple   | Entered the Ecumenical Temple
  7034 | Temple   | Became a worshipper of the Wu Jian Council
  7254 | D:6      | Found a bloodstained altar of Trog.
  7467 | D:7      | Found Kadewnu's Assorted Antiques.
  7668 | D:7      | Noticed Joseph
  7696 | D:7      | Killed Joseph
  7779 | D:7      | Found Repneud's Distillery.
  7864 | D:7      | Reached * piety under Wu Jian
  8184 | D:8      | Found a sacrificial altar of Ru.
  8231 | D:8      | Noticed Harold
  8244 | D:8      | Killed Harold
  8245 | D:8      | Reached skill level 5 in Shields
  8245 | D:8      | Reached XP level 10. HP: 47/88 MP: 10/10
  8580 | D:8      | Reached skill level 6 in Fighting
  8992 | D:8      | Found an iron altar of Okawaru.
  9453 | D:9      | Reached skill level 5 in Evocations
  9466 | D:9      | Got a crystal morningstar
  9466 | D:9      | Identified the +5 morningstar "Lauquarhor" {holy, rN++
                  | Will-} (You found it on level 9 of the Dungeon)
  9546 | D:9      | Found a staircase to the Lair.
  9706 | D:9      | Reached ** piety under Wu Jian
  9867 | D:9      | Found a staircase to the Orcish Mines.
 10479 | D:10     | Entered Level 10 of the Dungeon
 10485 | D:10     | Found Suarryvo's Assorted Antiques.
 10493 | D:10     | Bought a scroll of identify for 52 gold pieces
 10869 | D:10     | Got a bound lead ring
 10876 | D:10     | Identified the ring "Pasiople" {+Inv rF++ Dex+6} (You found
                  | it on level 10 of the Dungeon)
 10888 | D:10     | Found Womy's Armour Emporium.
 11011 | D:10     | Found a radiant altar of Vehumet.
 11027 | D:10     | Reached XP level 11. HP: 94/97 MP: 11/11
 11087 | D:10     | Found Deomann's Book Shop.
 11091 | D:10     | Reached *** piety under Wu Jian
 11412 | D:11     | Found the +2 hat of the Bear Spirit {Spirit, +Rage rN+
                  | Will++}
 11417 | D:11     | Reached skill level 7 in Fighting
 11903 | D:11     | Noticed a death knight
 11910 | D:11     | Killed a death knight
 11911 | D:11     | Reached skill level 1 in Stealth
 12212 | D:11     | Noticed a brown ugly thing
 12219 | D:11     | Killed a brown ugly thing
 12378 | D:12     | Reached **** piety under Wu Jian
 12400 | D:12     | Got a slimy flail
 12401 | D:12     | Identified the +5 flail "Daaskaw" {venom, Int+5 Stlth-}
                  | (You found it on level 12 of the Dungeon)
 12488 | D:12     | Noticed a two-headed ogre
 12504 | D:12     | Killed a two-headed ogre
 12618 | D:12     | Noticed a two-headed ogre
 12626 | D:12     | Killed a two-headed ogre
 12817 | D:12     | Noticed a red ugly thing
 12823 | D:12     | Noticed a cyan ugly thing
 12834 | D:11     | Killed a red ugly thing
 12907 | D:12     | Killed a cyan ugly thing
 13112 | D:12     | Noticed a boulder beetle
 13121 | D:12     | Killed a boulder beetle
 13122 | D:12     | Reached XP level 12. HP: 64/108 MP: 12/12
 13289 | D:12     | Reached skill level 8 in Fighting
 13289 | D:12     | Reached skill level 10 in Axes
 13289 | D:12     | Reached XP level 13. HP: 115/115 MP: 13/13
 14293 | D:13     | You fall into a shaft and drop 2 floors!
 14293 | D:15     | Entered Level 15 of the Dungeon
 14589 | Orc:1    | Entered Level 1 of the Orcish Mines
 14894 | Lair:1   | Entered Level 1 of the Lair of Beasts
 15104 | Lair:1   | Noticed Gastronok
 15107 | Lair:1   | Found a runed translucent gate.
 15107 | Lair:1   | Found a runed translucent gate.
 15107 | Lair:1   | Found a runed translucent gate.
 15119 | Lair:1   | Killed Gastronok
 15168 | Lair:1   | Found a gate leading to a gauntlet.
 15191 | Gauntlet | Entered a Gauntlet
 15191 | Gauntlet | Found a transporter.
 15200 | Gauntlet | Found a transporter.
 15202 | Gauntlet | Found a transporter.
 15203 | Gauntlet | Found a transporter.
 15241 | Gauntlet | Found a transporter.
 15245 | Gauntlet | Found a transporter.
 15252 | Gauntlet | Found the ring of the Mage {Wiz Will++ Int+3}
 15253 | Gauntlet | Found a transporter.
 15257 | Gauntlet | Found a transporter.
 15268 | Gauntlet | Found a transporter.
 15269 | Gauntlet | Found a transporter.
 15273 | Gauntlet | Noticed a balrug
 15277 | Gauntlet | Found a transporter.
 15280 | Gauntlet | Found a transporter.
 15330 | Gauntlet | Found a transporter.
 15342 | Gauntlet | Found a transporter.
 15504 | Gauntlet | Got a bound glass ring
 15512 | Gauntlet | Noticed a minotaur
 15535 | Gauntlet | Killed a minotaur
 15606 | Gauntlet | Identified the Handbook of Frigorific Weightlessness
 15607 | Gauntlet | Got a smoking graven amulet
 15608 | Gauntlet | Got a distressingly furry leather armour
 15657 | Lair:1   | Identified the ring of Obsession {+Fly rPois Dex+6} (You
                  | found it in a Gauntlet)
 15668 | Lair:1   | Identified the amulet "Joubeunt" {Regen+ MP+9} (You found
                  | it in a Gauntlet)
 15716 | Lair:1   | Identified the +1 leather armour of Waxyuk {Rampage} (You
                  | found it in a Gauntlet)
 15744 | Lair:1   | Noticed a minotaur
 15744 | Lair:1   | Noticed Xixaub Eqygg's ghost (journeyman DrTm)
 15817 | Lair:1   | Reached ***** piety under Wu Jian
 15821 | Lair:1   | Reached skill level 9 in Fighting
 16651 | Lair:2   | Found a hole to the Spider Nest.
 16942 | Lair:2   | Found an ancient bone altar of Kikubaaqudgha.
 18036 | Lair:3   | Found a staircase to the Shoals.
 18065 | Lair:3   | Reached XP level 14. HP: 98/126 MP: 10/14
 18719 | Lair:3   | Found a bloodstained altar of Trog.
 19000 | Lair:4   | Reached skill level 10 in Fighting
 19839 | Lair:4   | Reached skill level 5 in Dodging
 20640 | Lair:5   | Found a viscous altar of Jiyva.
 20640 | Lair:5   | Found a staircase to the Slime Pits.
 21104 | Lair:6   | Entered Level 6 of the Lair of Beasts
 21574 | Lair:6   | Reached skill level 10 in Evocations
 22011 | Lair:6   | Reached ****** piety under Wu Jian
 23352 | Orc:1    | Reached skill level 11 in Fighting
 23571 | Orc:2    | Entered Level 2 of the Orcish Mines
 24239 | Orc:1    | Found a roughly hewn altar of Beogh.
 24288 | Orc:1    | Noticed a stone giant
 24299 | Orc:1    | Reached XP level 15. HP: 45/131 MP: 4/15
 25158 | Orc:2    | Found a staircase to the Elven Halls.
 25273 | Orc:2    | Found a burning altar of Makhleb.
 25726 | Orc:2    | Found Caruoc's Antique Armour Boutique.
 25770 | Orc:2    | Found an ancient bone altar of Kikubaaqudgha.
 25788 | Orc:2    | Noticed Nergalle
 25799 | Orc:2    | Killed Nergalle
 25831 | Orc:2    | Found Juatzoi's Distillery.
 25871 | Orc:2    | Noticed Azrael
 25894 | Orc:2    | Killed Azrael
 26053 | Orc:2    | Found a radiant altar of Vehumet.
 26053 | Orc:2    | Noticed Erolcha
 26176 | Orc:2    | Killed Erolcha
 26229 | Orc:2    | Bought a potion of might for 68 gold pieces
 26229 | Orc:2    | Bought a potion of haste for 170 gold pieces
 26229 | Orc:2    | Bought a potion of curing for 51 gold pieces
 26229 | Orc:2    | Bought a potion of curing for 51 gold pieces
 26236 | Orc:2    | Found a roughly hewn altar of Beogh.
 26264 | Orc:2    | Found Ilequynu's Gadget Shop.
 26268 | Orc:2    | Found Epiob's Book Boutique.
 26716 | Elf:1    | Entered Level 1 of the Elven Halls
 27472 | Elf:1    | Reached skill level 1 in Throwing
 27550 | Elf:1    | Found Juapa's Antique Armour Boutique.
 27583 | Elf:1    | Reached skill level 12 in Fighting
 28024 | Elf:1    | Identified Naulalar's Catalogue of Creative Combat Magic
 28469 | Elf:2    | Found a gateway to a bazaar.
 28581 | Bazaar   | Entered a bazaar
 28581 | Bazaar   | Found Faukh's General Store.
 28581 | Bazaar   | Found Foudwuga's Antique Armour Shop.
 28618 | Bazaar   | Found Jitaseim's Antique Weapon Shop.
 28656 | Bazaar   | Bought a scroll of fog for 16 gold pieces
 28656 | Bazaar   | Bought a potion of lignification for 24 gold pieces
 28656 | Bazaar   | Bought a scroll of identify for 16 gold pieces
 28656 | Bazaar   | Bought 2 potions of cancellation for 128 gold pieces
 28656 | Bazaar   | Bought a +0 cloak of willpower for 92 gold pieces
 28656 | Bazaar   | Identified a scroll of acquirement
 28894 | Elf:2    | Reached XP level 16. HP: 125/150 MP: 11/16
 28982 | Elf:2    | Noticed a deep elf blademaster
 29323 | Elf:2    | Killed a deep elf blademaster
 29570 | Elf:2    | Reached skill level 10 in Armour
 29672 | Elf:2    | Reached skill level 13 in Fighting
 30344 | Elf:2    | Found a runed translucent gate.
 30344 | Elf:2    | Found a runed translucent gate.
 30344 | Elf:2    | Found a runed translucent gate.
 30961 | Elf:3    | Entered Level 3 of the Elven Halls
 30961 | Elf:3    | Noticed Mara
 30974 | Elf:3    | Killed Mara
 31285 | Elf:3    | Acquired a manual of Evocations
 31631 | Elf:3    | Reached skill level 14 in Fighting
 31932 | Elf:3    | Reached XP level 17. HP: 129/162 MP: 11/17
 32188 | Elf:3    | Noticed a deep elf master archer
 32274 | Elf:3    | Killed a deep elf master archer
 33169 | Elf:3    | Noticed a deep elf master archer
 33177 | Elf:3    | Reached skill level 15 in Fighting
 33186 | Elf:3    | Killed a deep elf master archer
 33200 | Elf:3    | Noticed a deep elf blademaster
 33427 | Elf:3    | Killed a deep elf blademaster
 33782 | Elf:3    | Noticed a deep elf master archer
 34085 | Elf:3    | Killed a deep elf master archer
 34229 | Elf:3    | Identified the +8 halberd of Brawling {pain, rF+ Str+3}
 34445 | Elf:3    | Got a shimmering spear
 34445 | Elf:3    | Identified the +9 spear of Innocence {flame, rPois MP+9
                  | Str+8 Dex-4} (You found it on level 3 of the Elven Halls)
 34449 | Elf:3    | Got an ichor-stained falchion
 34449 | Elf:3    | Identified the +7 falchion of Pandemonium {antimagic, +Fly
                  | rPois} (You found it on level 3 of the Elven Halls)
 34579 | Elf:3    | Identified the Guide on Snow
 34582 | Elf:3    | Identified the Tome of Lethal Clay
 35341 | Shoals:1 | Entered Level 1 of the Shoals
 35542 | Shoals:1 | Noticed a kraken
 35584 | Shoals:1 | Reached XP level 18. HP: 173/174 MP: 18/18
 35928 | Shoals:1 | Reached skill level 10 in Shields
 36105 | Shoals:1 | Found Voutz's Magic Scroll Shop.
 36109 | Shoals:1 | Got a transparent trident
 36129 | Shoals:1 | Identified the +3 trident of Conformity {vamp, Dex+4} (You
                  | found it on level 1 of the Shoals)
 36135 | Shoals:1 | Bought a scroll of teleportation for 51 gold pieces
 36135 | Shoals:1 | Bought a scroll of teleportation for 51 gold pieces
 36135 | Shoals:1 | Bought a scroll of fear for 59 gold pieces
 36135 | Shoals:1 | Bought a scroll of teleportation for 51 gold pieces
 36138 | Shoals:1 | Bought a scroll of silence for 127 gold pieces
 36823 | Shoals:2 | Reached skill level 1 in Polearms
 36953 | Shoals:2 | You fall into a shaft and drop 1 floor!
 37245 | Shoals:4 | Entered Level 4 of the Shoals
 38205 | Shoals:4 | Got a barnacled rune of Zot
 39423 | Spider:1 | Entered Level 1 of the Spider Nest
 39474 | Spider:1 | Found a transporter.
 39511 | Spider:1 | Found a transporter.
 40192 | Spider:4 | Entered Level 4 of the Spider Nest
 40199 | Spider:4 | Noticed Nikola
 40234 | Spider:4 | Killed Nikola
 40616 | Spider:4 | Reached XP level 19. HP: 181/181 MP: 17/19
 41365 | Spider:4 | Got a gossamer rune of Zot
 41467 | Spider:2 | Noticed Asterion
 42429 | Spider:2 | Killed Asterion
 45208 | D:13     | Noticed Rupert
 45221 | D:13     | Killed Rupert
 45222 | D:13     | Reached skill level 15 in Shields
 45261 | D:13     | Found a gate to the Vaults.
 45906 | D:13     | You fall into a shaft and drop 2 floors!
 46425 | D:14     | Found Honouv's Antique Armour Boutique.
 47384 | D:15     | Found a staircase to the Depths.
 47822 | D:10     | Bought a potion of curing for 78 gold pieces
 47822 | D:10     | Bought a potion of heal wounds for 130 gold pieces
 47899 | Vaults:1 | Entered Level 1 of the Vaults
 48032 | Vaults:1 | Reached XP level 20. HP: 138/191 MP: 16/20
 48707 | Vaults:1 | Acquired the +2 shield of Resistance {rF++ rC++ Will++}
 48708 | Vaults:1 | Found the +2 shield of Resistance {rF++ rC++ Will++}
 49160 | Elf:1    | Bought a runed cloak for 240 gold pieces
 50602 | Vaults:1 | Reached skill level 16 in Fighting
 51074 | Vaults:2 | Noticed Bai Suzhen
 52562 | D:7      | Bought a scroll of enchant armour for 225 gold pieces
 52562 | D:7      | Bought a scroll of teleportation for 90 gold pieces
 52562 | D:7      | Bought a scroll of teleportation for 90 gold pieces
 52774 | Shoals:1 | Bought a scroll of enchant weapon for 127 gold pieces
 55134 | Vaults:2 | Reached skill level 10 in Dodging
 55580 | Vaults:1 | Reached XP level 21. HP: 202/202 MP: 21/21
 55800 | Vaults:2 | Reached skill level 15 in Axes
 56178 | Vaults:2 | Killed Bai Suzhen
 56260 | Vaults:2 | Noticed Boris
 56267 | Vaults:2 | Killed Boris
 56358 | Vaults:2 | Identified the +1 leather armour "Longum" {+Fly rF+ rCorr}
 56455 | Vaults:2 | Found a bloodstained altar of Trog.
 57413 | Vaults:2 | Found a staircase to the Crypt.
 58024 | Vaults:3 | Found Wemontol's Distillery.
 58037 | Vaults:3 | Bought a potion of haste for 190 gold pieces
 58037 | Vaults:3 | Bought a potion of might for 76 gold pieces
 58037 | Vaults:3 | Bought a potion of heal wounds for 95 gold pieces
 58037 | Vaults:3 | Bought a potion of heal wounds for 95 gold pieces
 58037 | Vaults:3 | Bought a potion of curing for 57 gold pieces
 58037 | Vaults:3 | Bought a potion of heal wounds for 95 gold pieces
 58896 | Vaults:3 | Reached skill level 17 in Fighting
 59029 | Vaults:3 | Found Diny's Book Shop.
 60427 | Vaults:4 | Reached XP level 22. HP: 195/214 MP: 19/22
 62029 | Depths:1 | Entered Level 1 of the Depths
 62859 | Depths:1 | Found a gateway to Hell.
 63921 | Depths:1 | Found a one-way gate leading to the halls of Pandemonium.
 65506 | Depths:2 | Found the +3 crown of Dyrovepreva {rElec Int+2 SInv}
 65506 | Depths:2 | Found a transporter.
 65576 | Depths:2 | Reached skill level 18 in Fighting
 66896 | Depths:2 | Found Cemiat's Jewellery Boutique.
 67078 | Depths:2 | Found a transporter.
 67104 | Depths:2 | Noticed a juggernaut
 67126 | Depths:2 | Killed a juggernaut
 67566 | Depths:2 | Reached XP level 23. HP: 132/223 MP: 13/23
 67953 | Depths:2 | Identified the ring of Firhabal {rCorr Str+3} (You found it
                  | on level 2 of the Depths)
 67979 | Depths:2 | Got a wavering pewter ring
 67979 | Depths:2 | Identified the ring of Rytweogo {rC+ Dex+7} (You found it
                  | on level 2 of the Depths)
 68726 | Depths:3 | Noticed a caustic shrike
 68737 | Depths:3 | Killed a caustic shrike
 68896 | Depths:3 | Identified the cursed +0 leather armour of Ohastribb {MP+9}
 69117 | Depths:3 | Found Vixak's Assorted Antiques.
 69125 | Depths:3 | Bought a transparent plate armour for 784 gold pieces
 69125 | Depths:3 | Identified the cursed +1 plate armour of Valour {rC- Int+4
                  | SInv} (You bought it in a shop on level 3 of the Depths)
 69136 | Depths:3 | Bought a potion of experience for 1400 gold pieces
 69136 | Depths:3 | Reached XP level 24. HP: 233/233 MP: 23/23
 69165 | Depths:3 | Reached skill level 15 in Armour
 70085 | Depths:3 | Acquired a manual of Maces & Flails
 70319 | Depths:4 | Noticed Margery
 70333 | Depths:4 | Killed Margery
 70612 | Depths:4 | Acquired 683 gold pieces
 71067 | Depths:4 | Reached skill level 19 in Fighting
 71073 | Depths:4 | Reached skill level 10 in Maces & Flails
 71113 | Depths:4 | Noticed an ancient lich
 71362 | Depths:4 | Killed an ancient lich
 72015 | Depths:4 | Found Citar's Jewellery Emporium.
 72016 | Depths:4 | Found Pumus's Gadget Boutique.
 72016 | Depths:4 | Found Conneres's Gadget Boutique.
 72556 | Depths:4 | Noticed Louise
 72565 | Depths:4 | Found a one-way gate to the infinite horrors of the Abyss.
 72571 | Depths:4 | Killed Louise
 72800 | Depths:4 | Identified the Compendium of Necromancy
 72935 | Depths:5 | Entered Level 5 of the Depths
 72947 | Depths:5 | Noticed the Enchantress
 73189 | Depths:5 | Noticed a juggernaut
 73279 | Depths:4 | Killed the Enchantress
 73634 | Depths:5 | Found a gateway to a ziggurat.
 73650 | Depths:4 | Killed a juggernaut
 73651 | Depths:4 | Reached XP level 25. HP: 192/243 MP: 19/23
 74579 | Hell     | Entered the Vestibule of Hell
 74579 | Hell     | Noticed Geryon
 74600 | Hell     | Killed Geryon
 74604 | Hell     | Noticed Murray
 74631 | Depths:5 | Killed Murray
 75591 | Hell     | Found a gateway to the decaying netherworld of Tartarus.
 75753 | Hell     | Found a gateway to the freezing wastes of Cocytus.
 75855 | Hell     | Found a gateway to the ashen valley of Gehenna.
 76104 | Hell     | Found a gateway to the Iron City of Dis.
 78359 | Spider:1 | Got a fine lapis lazuli ring
 78378 | Spider:1 | Got a smoking cloak
 78388 | Spider:1 | Identified the +3 cloak of Seczi {Stlth+} (You found it on
                  | level 1 of the Spider Nest)
 78390 | Spider:1 | Got a steaming lajatang
 78390 | Spider:1 | Identified the cursed +1 lajatang "Spiderbane" {speed, rN+}
                  | (You found it on level 1 of the Spider Nest)
 78493 | D:10     | Bought a scroll of remove curse for 78 gold pieces
 78615 | Spider:1 | Identified the ring "Tamog" {rN++ MP+9} (You found it on
                  | level 1 of the Spider Nest)
 78838 | Crypt:1  | Entered Level 1 of the Crypt
 78985 | Crypt:1  | Found a magical portal.
 78994 | WizLab   | Entered Zonguldrok's Shrine
 79315 | WizLab   | Noticed an antique lich
 79320 | WizLab   | Killed an antique lich
 79354 | WizLab   | Found the +9 sword of Zonguldrok {reap}
 79408 | WizLab   | Reached skill level 20 in Fighting
 79798 | Crypt:1  | Noticed Donald
 79845 | Vaults:2 | Killed Donald
 79871 | Vaults:2 | Reached skill level 15 in Maces & Flails
 80137 | Crypt:1  | Identified the Almanac of Creative Execration
 80619 | Crypt:1  | Found a huge runed translucent gate.
 80620 | Crypt:1  | Found a huge runed translucent gate.
 80620 | Crypt:1  | Found a huge runed translucent gate.
 80620 | Crypt:1  | Found a huge runed translucent gate.
 80621 | Crypt:1  | Found a huge runed translucent gate.
 80621 | Crypt:1  | Found a huge runed translucent gate.
 80621 | Crypt:1  | Found a huge runed translucent gate.
 80623 | Crypt:1  | Found a huge runed translucent gate.
 80623 | Crypt:1  | Found a huge runed translucent gate.
 80623 | Crypt:1  | Noticed Mennas
 80702 | Crypt:2  | Noticed a royal mummy
 80702 | Crypt:2  | Noticed a royal mummy
 80703 | Crypt:2  | Noticed Khufu
 80736 | Crypt:2  | Noticed a royal mummy
 80931 | Crypt:1  | Killed a royal mummy
 82397 | Crypt:2  | Killed a royal mummy
 82398 | Crypt:2  | Reached XP level 26. HP: 240/255 MP: 23/23
 82398 | Crypt:2  | Noticed Sojobo
 82626 | Crypt:2  | Noticed Boris
 82635 | Crypt:1  | Killed Boris
 82753 | Crypt:1  | Killed a royal mummy
 83265 | Crypt:2  | Killed Khufu
 83513 | Crypt:2  | Killed Sojobo
 83983 | Crypt:3  | Entered Level 3 of the Crypt
 84458 | Crypt:3  | Reached skill level 15 in Evocations
 84884 | Crypt:3  | Found a staircase to the Tomb.
 85463 | Crypt:3  | Reached skill level 1 in Long Blades
 85808 | Crypt:3  | Reached skill level 21 in Fighting
 85837 | Crypt:3  | Found an ancient bone altar of Kikubaaqudgha.
 86089 | Crypt:3  | Noticed Jory
 86108 | Crypt:3  | Killed Jory
 86270 | Crypt:3  | Got a wavering ivory ring
 86270 | Crypt:3  | Identified the ring "Ahoepewi" {rN+ Will+} (You found it on
                  | level 3 of the Crypt)
 86273 | Crypt:3  | Got a warped platinum ring
 86273 | Crypt:3  | Identified the ring of Ifa Kuqy {rN+ Will+} (You found it
                  | on level 3 of the Crypt)
 86276 | Crypt:3  | Got a warped pewter ring
 86276 | Crypt:3  | Identified the ring "Lepsev" {*Drain rPois rN+ Str+10
                  | Int+2} (You found it on level 3 of the Crypt)
 86760 | Tomb:1   | Entered Level 1 of the Tomb of the Ancients
 88068 | Tomb:1   | Noticed a royal mummy
 88273 | Tomb:1   | Killed a royal mummy
 88662 | Tomb:1   | Noticed an ancient lich
 89224 | Tomb:1   | Reached XP level 27. HP: 155/265 MP: 14/23
 89233 | Tomb:1   | Killed an ancient lich
 90616 | Tomb:1   | Identified the Tome of Calling
 91376 | Vaults:5 | Entered Level 5 of the Vaults
 91483 | Vaults:5 | Reached skill level 22 in Fighting
 92416 | Vaults:5 | Found Taosh's Gadget Boutique.
 92718 | Vaults:5 | Got a silver rune of Zot
 92744 | Vaults:5 | Identified the Tome of Vitriolic Clay
 93236 | Vaults:5 | Noticed Frederick
 93241 | Vaults:5 | Killed Frederick
 93246 | Vaults:5 | Noticed an ancient lich
 93354 | Vaults:5 | Killed an ancient lich
 93775 | Vaults:5 | Identified the Reference Book on the Oath
 93782 | Vaults:5 | Noticed an ancient lich
 93792 | Vaults:5 | Killed an ancient lich
 93793 | Vaults:5 | Reached skill level 15 in Dodging
 94016 | Vaults:5 | Found Vunuo's Gadget Emporium.
 94020 | Vaults:5 | Bought a wand of paralysis (7) for 189 gold pieces
 94179 | Vaults:5 | Found Voirr's Antique Armour Shoppe.
 94185 | Vaults:5 | Bought a distressingly furry plate armour for 1204 gold
                  | pieces
 94185 | Vaults:5 | Bought a pair of glowing gloves for 322 gold pieces
 94207 | Vaults:5 | Identified the +8 plate armour of Kiatatad {rN+} (You
                  | bought it in a shop on level 5 of the Vaults)
 94913 | Slime:1  | Entered Level 1 of the Pits of Slime
 95533 | Slime:2  | Reached skill level 23 in Fighting
 95809 | Slime:3  | Gained mutation: Your magical capacity is low. (-10% MP) [a
                  | shining eye]
 95936 | Slime:2  | Gained mutation: Potions are less effective at restoring
                  | your health. [a shining eye]
 95947 | Slime:3  | Found a viscous altar of Jiyva.
 96167 | Slime:4  | Gained mutation: Your spells are a little easier to cast,
                  | but a little less powerful. [a shining eye]
 96175 | Slime:4  | Gained mutation: Your body sometimes deteriorates upon
                  | taking damage. [a shining eye]
 96178 | Slime:4  | Gained mutation: You are weak. (Str -2) [a shining eye]
 96245 | Slime:5  | Entered Level 5 of the Pits of Slime
 96407 | Slime:5  | Noticed the Royal Jelly
 96448 | Slime:5  | Killed the Royal Jelly
 96782 | Slime:4  | Gained mutation: You are somewhat resistant to further
                  | mutation. [a shining eye]
 96951 | Slime:5  | Gained mutation: You are frail. (-10% HP) [a shining eye]
 96967 | Slime:4  | Gained mutation: You tend to lose your temper in combat. [a
                  | shining eye]
 97153 | Slime:5  | Found the ring of the Octopus King
 97163 | Slime:5  | Got a slimy rune of Zot
 97165 | Slime:5  | Got a ring of the Octopus King
 97167 | Slime:5  | Lost mutation: You are weak. (Str -2) [potion of mutation]
 97168 | Slime:5  | Lost mutation: You are frail. (-10% HP) [potion of
                  | mutation]
 97168 | Slime:5  | Lost mutation: Your magical capacity is low. (-10% MP)
                  | [potion of mutation]
 97168 | Slime:5  | Lost mutation: Your body sometimes deteriorates upon taking
                  | damage. [potion of mutation]
 97173 | Slime:5  | Got a faintly glowing scale mail
 97181 | Slime:5  | Found the +3 Elemental Staff {rElec rF++ rC++ Will++ AC+5}
 97227 | Slime:5  | Identified the cursed +0 scale mail of Pathos {Slay+2} (You
                  | found it on level 5 of the Pits of Slime)
 97239 | Slime:5  | Identified a ring of the Octopus King {AC+1 EV+1 Str+1
                  | Int+1 Dex+1 SInv} (You found it on level 5 of the Pits of
                  | Slime)
 97249 | Slime:5  | Got an ichor-stained dagger
 97276 | Slime:5  | Identified the +1 dagger "Omelette" {vorpal, *Noise rF+
                  | Will+ MP+9} (You found it on level 5 of the Pits of Slime)
 97278 | Slime:5  | Identified the Compendium of Twisted Intoxication
 97422 | Lair:4   | Lost mutation: Your spells are a little easier to cast, but
                  | a little less powerful. [potion of mutation]
 97423 | Lair:4   | Lost mutation: Potions are less effective at restoring your
                  | health. [potion of mutation]
 97423 | Lair:4   | Lost mutation: You tend to lose your temper in combat.
                  | [potion of mutation]
 98025 | Depths:5 | Found a gate to the Realm of Zot.
 98031 | Zot:1    | Entered Level 1 of the Realm of Zot
100106 | Zot:2    | Reached skill level 24 in Fighting
101673 | Zot:2    | Noticed an ancient lich
101688 | Zot:2    | Killed an ancient lich
101709 | Zot:2    | Found a stormy altar of Qazlal.
102102 | Zot:2    | Identified the ring of Serochyl {Wiz rElec} (You found it
                  | on level 2 of the Realm of Zot)
103711 | Zot:4    | Got a shimmering silver amulet
103722 | Zot:4    | Identified the amulet of Xuic {Acrobat +Blink rElec Will-
                  | Str+4} (You found it on level 4 of the Realm of Zot)
104624 | Zot:5    | Entered Level 5 of the Realm of Zot
104737 | Zot:5    | Reached skill level 25 in Fighting
104819 | Zot:5    | Noticed an orb of fire
104833 | Zot:5    | Killed an orb of fire
105684 | Zot:5    | Noticed an ancient lich
105698 | Zot:5    | Killed an ancient lich
105703 | Zot:5    | Noticed an orb of fire
105714 | Zot:5    | Killed an orb of fire
105904 | Zot:5    | Noticed an orb of fire
105914 | Zot:5    | Killed an orb of fire
105916 | Zot:5    | Noticed an ancient lich
105921 | Zot:5    | Noticed an ancient lich
105943 | Zot:5    | Killed an ancient lich
106549 | Zot:5    | Noticed an orb of fire
106558 | Zot:5    | Killed an orb of fire
106606 | Zot:5    | Noticed an orb of fire
106622 | Zot:5    | Gained mutation: You do not regenerate when monsters are
                  | visible. [an orb of fire]
106624 | Zot:5    | Killed an orb of fire
106670 | Zot:5    | Noticed an ancient lich
106680 | Zot:5    | Killed an ancient lich
106681 | Zot:5    | Reached skill level 26 in Fighting
106736 | Zot:5    | Noticed an ancient lich
106746 | Zot:5    | Killed an ancient lich
107384 | Zot:5    | Killed an ancient lich
107921 | Pan      | Entered Pandemonium
108129 | Pan      | Found an exit through the horrors of the Abyss.
108170 | Pan      | Noticed Duokilium the pandemonium lord
108271 | Pan      | Got a translucent cloak
108285 | Pan      | Identified the +2 cloak of Lilacs {rF+ Str+4 Dex-5} (You
                  | found it in Pandemonium)
111609 | Pan      | Killed Duokilium the pandemonium lord
112634 | Pan      | Got a demonic rune of Zot
113071 | Pan      | Identified the +6 scale mail of Vehumet's Reproof {+Fly rF-
                  | rC+ Dex+7} (You found it in Pandemonium)
113208 | Pan      | Found a transporter.
113208 | Pan      | Found a transporter.
113670 | Pan      | Got a crude ruby amulet
113676 | Pan      | Identified the amulet "Poethrast" {Spirit rF+ rC+ SInv}
                  | (You found it in Pandemonium)
113686 | Pan      | Got a bloodstained helmet
113696 | Pan      | Identified the cursed -6 helmet of Unambiguity {MP+9} (You
                  | found it in Pandemonium)
114872 | Pan      | Reached skill level 27 in Fighting
115479 | Pan      | Noticed Varghe the pandemonium lord
115498 | Pan      | Killed Varghe the pandemonium lord
116905 | Pan      | Noticed Nuomim the pandemonium lord
116918 | Pan      | Killed Nuomim the pandemonium lord
117367 | Depths:4 | Escaped Pandemonium
117438 | Depths:1 | Lost mutation: You are somewhat resistant to further
                  | mutation. [potion of mutation]
117438 | Depths:1 | Lost mutation: You do not regenerate when monsters are
                  | visible. [potion of mutation]
117438 | Depths:1 | Gained mutation: You are dopey. (Int -2) [potion of
                  | mutation]
117438 | Depths:1 | Gained mutation: You are clumsy. (Dex -2) [potion of
                  | mutation]
117438 | Depths:1 | Gained mutation: Your spells are a little harder to cast,
                  | but a little more powerful. [potion of mutation]
117580 | Vaults:1 | Lost mutation: You are clumsy. (Dex -2) [potion of
                  | mutation]
117580 | Vaults:1 | Lost mutation: You are dopey. (Int -2) [potion of mutation]
117580 | Vaults:1 | Gained mutation: You have large cloven feet. [potion of
                  | mutation]
117580 | Vaults:1 | Gained mutation: Your magical capacity is low. (-10% MP)
                  | [potion of mutation]
117580 | Vaults:1 | Gained mutation: You can roll at foes to attack. [potion of
                  | mutation]
118771 | Elf:1    | Bought the +4 moon troll leather armour {Spirit, Regen++
                  | MP+5} for 1744 gold pieces
118771 | Elf:1    | Found the +4 moon troll leather armour {Spirit, Regen++
                  | MP+5}
120357 | Pan      | Entered Pandemonium
120385 | Pan      | Entered the realm of Lom Lobon.
121001 | Pan      | Found an exit through the horrors of the Abyss.
121848 | Pan      | Noticed Lom Lobon
121877 | Pan      | Killed Lom Lobon
121977 | Pan      | Got a magical rune of Zot
122283 | Pan      | Noticed Oba Bowiti the pandemonium lord
122446 | Pan      | Acquired 1146 gold pieces
122559 | Pan      | Noticed Kiohoqia the pandemonium lord
122576 | Pan      | Lost mutation: Your magical capacity is low. (-10% MP)
                  | [potion of mutation]
122576 | Pan      | Lost mutation: Your spells are a little harder to cast, but
                  | a little more powerful. [potion of mutation]
122576 | Pan      | Gained mutation: Your flesh is cold resistant. (rC+)
                  | [potion of mutation]
122576 | Pan      | Gained mutation: Your spells are a little harder to cast,
                  | but a little more powerful. [potion of mutation]
123048 | Pan      | Entered the realm of Cerebov.
123225 | Pan      | Got a warped turquoise ring
123345 | Pan      | Identified Wasmoga Jine's Almanac of Glacial Transmutation
123385 | Pan      | Found the +6 sword of Cerebov {flame}
123385 | Pan      | Noticed Cerebov
123594 | Pan      | Identified the ring of Sif Muna's Castigation {+Fly Str+3}
                  | (You found it in Pandemonium)
123687 | Pan      | Identified the ring "Haq Remeid" {Fire rN+ Dex+2 SInv}
124197 | Pan      | Found an exit through the horrors of the Abyss.
124788 | Pan      | Identified the ring "Feukuxzirch" {+Blink +Fly Will+ MP+9
                  | SInv}
124824 | Pan      | Identified the ring "Comaess" {Fire rPois Will+++ Int-3
                  | Dex-5} (You found it in Pandemonium)
125063 | Pan      | Got a faintly humming chain mail
125073 | Pan      | Identified the cursed +1 chain mail "Ennanakk" {+Fly rF+
                  | Slay+6} (You found it in Pandemonium)
125139 | Pan      | Killed Cerebov
125140 | Pan      | Reached skill level 5 in Polearms
125156 | Pan      | Identified the Reference Book on Glamour and Calling
125497 | Pan      | Got a fiery rune of Zot
126108 | Pan      | Entered the realm of Gloorx Vloq.
126279 | Pan      | Found an exit through the horrors of the Abyss.
127017 | Pan      | Noticed Gloorx Vloq
127040 | Pan      | Killed Gloorx Vloq
127110 | Pan      | Got a dark rune of Zot
127471 | Pan      | Entered the realm of Mnoleg.
127479 | Pan      | Gained mutation: Your magical capacity is low. (-10% MP) [a
                  | cacodemon]
127878 | Pan      | Found an exit through the horrors of the Abyss.
128051 | Pan      | Lost mutation: Your spells are a little harder to cast, but
                  | a little more powerful. [a neqoxec]
128052 | Pan      | Gained mutation: You are occasionally teleported next to
                  | monsters. [a cacodemon]
128053 | Pan      | Gained mutation: You occasionally shout uncontrollably at
                  | your foes. [a neqoxec]
128066 | Pan      | Noticed Mnoleg
128077 | Pan      | Killed Mnoleg
128088 | Pan      | Gained mutation: Your body sometimes deteriorates upon
                  | taking damage. [a cacodemon]
128089 | Pan      | Gained mutation: You tend to lose your temper in combat. [a
                  | neqoxec]
128133 | Pan      | Gained mutation: You sometimes yell uncontrollably at your
                  | foes. [a cacodemon]
128257 | Pan      | Got a glowing rune of Zot
128431 | Pan      | Gained mutation: You are dopey. (Int -2) [a cacodemon]
128611 | Pan      | Gained mutation: You often lose your temper in combat. [a
                  | cacodemon]
128770 | Pan      | Gained mutation: Your body often deteriorates upon taking
                  | damage. [a cacodemon]
128809 | Pan      | Identified the cursed +0 glaive of the Gloaming {flame, rN+
                  | Str+8} (You found it in Pandemonium)
129368 | Pan      | Found an exit through the horrors of the Abyss.
129404 | Pan      | Noticed Tainio the pandemonium lord
129833 | Pan      | Noticed Wyve the pandemonium lord
129854 | Pan      | Killed Wyve the pandemonium lord
130809 | Pan      | Found an exit through the horrors of the Abyss.
131316 | Pan      | Noticed Picviaf the pandemonium lord
131617 | Pan      | Noticed Xutt the pandemonium lord
131627 | Pan      | Killed Xutt the pandemonium lord
132259 | Depths:2 | Escaped Pandemonium
132479 | Vaults:2 | Lost mutation: You can roll at foes to attack. [potion of
                  | mutation]
132479 | Vaults:2 | Lost mutation: Your body often deteriorates upon taking
                  | damage. [potion of mutation]
132479 | Vaults:2 | Lost mutation: You have large cloven feet. [potion of
                  | mutation]
132479 | Vaults:2 | Lost mutation: You sometimes yell uncontrollably at your
                  | foes. [potion of mutation]
132479 | Vaults:2 | Gained mutation: Your spells are a little harder to cast,
                  | but a little more powerful. [potion of mutation]
132480 | Vaults:2 | Lost mutation: You are dopey. (Int -2) [potion of mutation]
132480 | Vaults:2 | Lost mutation: You occasionally shout uncontrollably at
                  | your foes. [potion of mutation]
132480 | Vaults:2 | Lost mutation: You are occasionally teleported next to
                  | monsters. [potion of mutation]
132480 | Vaults:2 | Gained mutation: Your magical capacity is very low. (-20%
                  | MP) [potion of mutation]
132480 | Vaults:2 | Gained mutation: You have large cloven feet. [potion of
                  | mutation]
132480 | Vaults:2 | Gained mutation: Your flesh is very cold resistant. (rC++)
                  | [potion of mutation]
132480 | Vaults:2 | Gained mutation: Your flesh is heat resistant. (rF+)
                  | [potion of mutation]
132568 | Crypt:1  | Lost mutation: Your body sometimes deteriorates upon taking
                  | damage. [potion of mutation]
132568 | Crypt:1  | Lost mutation: Your spells are a little harder to cast, but
                  | a little more powerful. [potion of mutation]
132568 | Crypt:1  | Lost mutation: Your magical capacity is very low. (-20% MP)
                  | [potion of mutation]
132568 | Crypt:1  | Gained mutation: Your tail ends in a poisonous barb.
                  | [potion of mutation]
132827 | Geh:1    | Entered Level 1 of Gehenna
133733 | Geh:2    | Reached skill level 5 in Stealth
135561 | Geh:7    | Entered Level 7 of Gehenna
136314 | Geh:7    | Got a faintly glowing bronze ring
136332 | Geh:7    | Identified the ring of Koimm {*Corrode rN+ Will+++ Dex+2
                  | Stlth+} (You found it on level 7 of Gehenna)
136356 | Geh:7    | Found the +7 sceptre of Asmodeus
136356 | Geh:7    | Noticed Asmodeus
136376 | Geh:7    | Killed Asmodeus
136440 | Geh:7    | Got an obsidian rune of Zot
136824 | Dis:1    | Entered Level 1 of the Iron City of Dis
137358 | Dis:4    | Found a huge runed gate.
137358 | Dis:4    | Found a huge runed gate.
137358 | Dis:4    | Found a huge runed gate.
137358 | Dis:4    | Found a huge runed gate.
137358 | Dis:4    | Found a huge runed gate.
137361 | Dis:4    | Found a huge runed gate.
137369 | Dis:4    | Found a huge runed gate.
137369 | Dis:4    | Found a huge runed gate.
137369 | Dis:4    | Found a huge runed gate.
137369 | Dis:4    | Found a huge runed gate.
137369 | Dis:4    | Found a huge runed gate.
137369 | Dis:4    | Found a huge runed gate.
137369 | Dis:4    | Found a huge runed gate.
137424 | Dis:4    | Found a huge runed gate.
137424 | Dis:4    | Found a huge runed gate.
137428 | Dis:4    | Found a huge runed gate.
137428 | Dis:4    | Found a huge runed gate.
137430 | Dis:4    | Found a huge runed gate.
137432 | Dis:4    | Found a huge runed gate.
137436 | Dis:4    | Found a huge runed gate.
138519 | Dis:7    | Entered Level 7 of the Iron City of Dis
138716 | Dis:7    | Reached skill level 10 in Polearms
139032 | Coc:1    | Entered Level 1 of Cocytus
141851 | Coc:7    | Entered Level 7 of Cocytus
143681 | Coc:7    | Found the +9 heavy crossbow "Sniper" {vorpal, Acc+∞ SInv}
143683 | Coc:7    | Identified the +6 mace of the Hierophant {venom, rElec rC+
                  | rN+ Dex-2} (You found it on level 7 of Cocytus)
143966 | Coc:7    | Noticed Antaeus
143985 | Coc:7    | Killed Antaeus
143993 | Coc:7    | Got an icy rune of Zot
144096 | Tar:1    | Entered Level 1 of Tartarus
145825 | Tar:7    | Entered Level 7 of Tartarus
145937 | Tar:7    | Noticed an ancient lich
145941 | Tar:7    | Killed an ancient lich
145951 | Tar:7    | Noticed an ancient lich
145955 | Tar:7    | Killed an ancient lich
145996 | Tar:7    | Got a twitching granite ring
145997 | Tar:7    | Identified the ring of Caclelin {Dex+2 Slay+4} (You found
                  | it on level 7 of Tartarus)
146005 | Tar:7    | Identified the cursed +1 chain mail of Zohaizir {Int+5}
                  | (You found it on level 7 of Tartarus)
146027 | Tar:7    | Got a bound bone ring
146028 | Tar:7    | Identified the ring of Mozyiwin {rElec rPois rF+ Str+5}
                  | (You found it on level 7 of Tartarus)
146030 | Tar:7    | Got a shimmering wooden ring
146035 | Tar:7    | Identified the ring "Godus" {rF+ Will+} (You found it on
                  | level 7 of Tartarus)
146142 | Tar:7    | Reached skill level 10 in Stealth
146287 | Tar:7    | HP: 9/292 [reaper/+3 scythe of pain (36)]
146293 | Tar:7    | HP: 8/292 [reaper/+3 scythe of venom (37)]
146826 | Tar:7    | Paralysed by a vampire knight for 7 turns
146840 | Tar:7    | Paralysed by a vampire knight for 2 turns
147323 | Tar:7    | Noticed Ereshkigal
147474 | Tar:7    | Reached skill level 1 in Crossbows
147587 | Tar:7    | Killed Ereshkigal
147633 | Tar:7    | Got a bone rune of Zot
147907 | Vaults:3 | Bought a potion of curing for 57 gold pieces
147907 | Vaults:3 | Bought 2 potions of curing for 114 gold pieces
147907 | Vaults:3 | Bought a potion of curing for 57 gold pieces
147907 | Vaults:3 | Bought a potion of curing for 57 gold pieces
148216 | Dis:4    | Noticed an ancient lich
148217 | Dis:4    | Killed an ancient lich
149068 | Dis:7    | Noticed the Serpent of Hell
149253 | Dis:7    | Killed from afar by a hellion

Illustrated notes

Levels and vault maps discovered:
D:1:      minmay_arrival_checkered_box, layout_basic, serial_rivers,
          chequers_serial_rivers_room_b, chequers_serial_rivers_room_b,
          chequers_serial_rivers_micro_c, chequers_serial_rivers_micro_b,
          chequers_serial_rivers_micro_c, chequers_serial_rivers_marsh
D:2:      wander_river, layout_loops_ring, lemuel_round_altar,
          lemuel_coloured_pillars_altar, grunt_dithmenos_smoke,
          minmay_hedge_maze
D:3:      layout_loops_corners, cheibriados_altar_1, uniq_crazy_yiuf_cottage,
          uniq_terence
D:4:      layout_cave_pools, tgw_sif, nemelex_xobeh_ov_fountains_minmay,
          fedhas_altar_3, uniq_pikel
D:5:      layout_loops_ring, kennysheep_mini
D:6:      layout_cave_pools, kennysheep_mini_moat, overflow_temple_1_default,
          nicolae_overflow_hidden_temple, minmay_temple_entry_large_hall,
          nicolae_ossuary_entry_ruins, minmay_ruined_shrine
D:7:      layout_rooms, serial_shops, shop, shop, chequers_serial_rivers_room_a,
          st_stairs_8, hangedman_abyss_or_decor_stagger, uniq_joseph
D:8:      wad_lake_hut, layout_gridville, lemuel_doored_altar,
          nicolae_ru_sacrificial_ziggurat, uniq_harold
D:9:      minmay_general_purpose_star, layout_loops_corners, erik_lair_island,
          st_stairs_8
D:10:     layout_loops_ring, serial_shops, shop, shop, shop, lemuel_tele_altar
D:11:     layout_roguey, ebering_dispersal_statue_hall
D:12:     layout_cave_pods
D:13:     layout_cave_pods, david_vaults_3, wad_dig_loot
D:14:     layout_loops_ring, serial_rivers, chequers_serial_rivers_micro_b,
          chequers_serial_rivers_small_a, chequers_serial_rivers_micro_e,
          chequers_serial_rivers_marsh, chequers_serial_rivers_micro_e,
          serial_shops, nicolae_shop_waterfront, nrook_guardian_serpent_ordinary
D:15:     grunt_enter_depths_giant_problem, layout_gridville
Temple:   jpeg_temple_island
Lair:1:   layout_loops_ring, gauntlet_entry_generic,
          maelrawn_ghost_gauntlet_escape, uniq_gastronok
Lair:2:   layout_long_grid, dummy_spider_entry, basic_altar,
          infiniplex_staircase_pool, lemuel_fruit_tree
Lair:3:   layout_cave_pods, minmay_shoals_entry_beasts, basic_altar
Lair:4:   layout_cave_pods, nzn_sisyphean_effort, infiniplex_staircase_pool_2,
          grunt_megastairs_5
Lair:5:   layout_loops_ring, dpeg_slime_entry_enclosed_altar
Lair:6:   hangedman_lair_caniforms_friends, layout_regular_city,
          grunt_megastairs_3, minmay_lair_oklob_chamber
Shoals:1: layout_shoals, serial_shops, nicolae_shop_statue_plus,
          dpeg_stationary_puzzle
Shoals:2: layout_shoals, st_sunken_temple
Shoals:3: layout_shoals, nicolae_shoals_loop_pool
Shoals:4: shoals_end_grunt_garden, layout_shoals
Spider:1: gammafunk_sealed_arena
Spider:2: layout_chambers, nicolae_spider_cling_ruins,
          hangedman_spider_tarantella_strand, nicolae_spider_cling_halls,
          uniq_asterion
Spider:3: layout_spider_delve
Spider:4: grunt_spider_rune_circles, hive_lemuel, uniq_nikola
Slime:1:  layout_caves, basic_altar
Slime:2:  layout_caves
Slime:3:  layout_caves, basic_altar, cheibrodos_slime_lost_civilization_6
Slime:4:  layout_caves
Slime:5
Orc:1:    layout_diamond_mine, basic_altar
Orc:2:    kennysheep_orc_mage_school, layout_caves, bloody_makhleb, uniq_azrael
Elf:1:    layout_geoelf_octagon, serial_shops, shop, minmay_elf_sorcery,
          grunt_ministairs_1, grunt_megastairs_4
Elf:2:    layout_geoelf_diagonals, serial_shops, statue_bzr
Elf:3:    minmay_elf_hall_four_x, layout_geoelf_castle, lemuel_flamethrower_1,
          uniq_mara, uniq_louise
Vaults:1: v_misc_25, hangedman_vaults_river_flow,
          nicolae_vaults_fighting_squares, hangedman_vaults_corner_blocks,
          v_rooms_3, grunt_vaults_diagonal, nicolae_vaults_network_star,
          v_pattern_1, hangedman_vaults_corner, vaults_room_ringed_pool,
          vaults_mumra_hex, hangedman_vaults_impose, grunt_vaults_hallway_long,
          layout_vaults_maze
Vaults:2: grunt_vaults_twisty, hangedman_vaults_cutoff, st_eye,
          hangedman_vaults_stream, vaults_mumra_minichess,
          ontoclasm_vaults_decontamination, dpeg_vaults_monster_box,
          vaults_room_semicircle, layout_vaults_chaotic_city, basic_altar,
          uniq_boris, uniq_bai_suzhen
Vaults:3: hangedman_vaults_pinch, v_misc_23, nicolae_vaults_what_the_h,
          vaults_dpeg_encased_lava, ontoclasm_vaults_misaligned,
          layout_vaults_omnigrid, serial_shops, nicolae_shop_trees, shop
Vaults:4: nicolae_vaults_c_with_doors, grunt_vaults_bifocal, v_alt_pattern_3,
          hangedman_vaults_capsules, ontoclasm_vaults_ligature,
          vaults_room_fours, vaults_room_grunt_arrival_checkpoint,
          vaults_room_door_hall, nicolae_vaults_windows_and_doors_thing,
          ontoclasm_vaults_fault, v_rooms_4, layout_vaults_omnicross
Vaults:5: serial_shops, uniq_frederick
Crypt:1:  cheibrodos_crypt_3hun_7po, layout_chaotic_city,
          infiniplex_enter_wizlab_water, grunt_ministairs_3, st_stairs_9,
          minmay_misc_feat_cross, amcnicky_mini_rare_corridor_liquid,
          minivault_26, uniq_donald, uniq_mennas
Crypt:2:  layout_rooms, uniq_khufu, uniq_sojobo
Crypt:3:  church_of_pain_bobbens, layout_chaotic_city, feat_on_display
Tomb:1
Depths:1: layout_honeycomb, minmay_room_of_horrors, grunt_pan_entry_in_and_out,
          hangedman_decor_growths, pf_dread_powers_of_hell,
          nrook_mini_backslash, st_stairs_12, amcnicky_mini_pool_small,
          minmay_misc_feat_tiny, minmay_door_square, minmay_librarian
Depths:2: gammafunk_dig_for_victory, layout_basic, hangedman_coc_ice_floe,
          rand_demon_pan_entry_7, serial_shops, nicolae_shop_stone
Depths:3: cross_vault, layout_honeycomb, rand_demon_pan_entry_3,
          chequers_big_river, grunt_hell_entry_dis_old, minmay_staircase_bubble,
          serial_bayou_shore_b, minmay_shop_star, serial_bayou_shore_b
Depths:4: cheibrodos_tormentor_scu, layout_gridlike,
          nicolae_abyss_entry_one_way_or_another, hex_intersection, hell_entry,
          grunt_pan_entry_zigzag, special_room [special_room_morgue],
          minmay_shop_grove, infiniplex_staircase_pool_1, uniq_margery
Depths:5: evilmike_zot_entry_basic, layout_cave_shapes, enter_ziggurat_e,
          lightli_too_deep, grunt_decor_junction, fountainhead, uniq_enchantress
Hell
Dis:1:    layout_jigsaw, hangedman_dis_chains
Dis:2:    layout_regular_city
Dis:3:    layout_subdivisions, lemuel_elevator, grunt_megastairs_2
Dis:4:    layout_gridville, special_room [special_room_morgue], door_vault
Dis:5:    layout_subdivisions
Dis:6:    layout_gridville
Dis:7:    iron_city_of_dis [dis_mu, dis_wall_6], layout_chaotic_city
Geh:1:    layout_gehenna_lava_caves
Geh:2:    layout_gehenna_pools_basic
Geh:3:    layout_gehenna_pools_triple
Geh:4:    layout_gehenna_pools_box, grunt_megastairs_1
Geh:5:    layout_gehenna_pools_box, lemuel_elevator
Geh:6:    layout_gehenna_lava_caves
Geh:7:    geh_old
Coc:1:    layout_cocytus_water_paths
Coc:2:    layout_ice_bergs
Coc:3:    layout_ice_bergs
Coc:4:    layout_ice_bergs
Coc:5:    layout_ice_bergs
Coc:6:    layout_cocytus_water_paths
Coc:7:    coc_dpeg
Tar:1:    layout_catacombs, nicolae_tar_cuneiform_heaven
Tar:2:    layout_honeycomb
Tar:3:    layout_catacombs, nicolae_tar_cuneiform_two
Tar:4:    layout_honeycomb, nicolae_tar_cuneiform_three
Tar:5:    layout_honeycomb
Tar:6:    layout_grid_maze, nicolae_tar_cuneiform_to_be
Tar:7:    tar_old
Zot:1:    layout_misc_corridors
Zot:2:    regret_index_qazlal_generations, layout_onion
Zot:3:    layout_twisted_circle, grunt_ministairs_14
Zot:4:    kennysheep_ambush_hall, layout_onion, st_stairs_11
Zot:5:    layout_basic, kennysheep_underground_church

Skill      XL: |  1  2  3  4  5  6  7  8  9 10 11 12 13 14 15 16 17 18 19 20 21 22 23 24 25 26 27 |
---------------+----------------------------------------------------------------------------------+-----
Armour         | 3 4 5 6 7 8 9 11 12 13 14 15 16 21 | 21.9
Axes           | 3 4 5 7 8 9 10 11 12 13 14 16 17 18 24 | 24.8
Shields        | 3 4 5 6 7 8 9 13 15 22 | 22.0
Fighting       | 4 5 6 7 8 9 11 12 14 15 16 17 18 19 20 21 27 | 27.0
Maces & Flails | 1 3 5 6 7 8 9 11 15 16 23 | 23.4
Dodging        | 1 2 3 4 6 7 8 9 10 11 12 13 14 23 | 23.9
Evocations     | 2 4 5 7 8 9 10 11 12 13 14 15 22 | 22.2
Stealth        | 1 2 3 4 11 | 11.0
Throwing       | 1 3 4 |  4.0
Polearms       | 3 13 | 13.1
Long Blades    | 2 3 |  3.1
Crossbows      | 3 |  3.6

Action                   |  1- 3 |  4- 6 |  7- 9 | 10-12 | 13-15 | 16-18 | 19-21 | 22-24 | 25-27 || total
-------------------------+-------+-------+-------+-------+-------+-------+-------+-------+-------++-------
Melee: War axe           |    73 |   101 |       |       |       |       |       |       |       ||   174
       Tailslap          |     5 |    17 |    38 |    78 |   320 |   361 |   403 |   229 |  1922 ||  3373
       Flail             |       |    29 |    50 |       |   108 |       |       |       |       ||   187
       Hand axe          |       |       |   181 |   320 |  1191 |  1163 |   653 |   277 |   108 ||  3893
       Morningstar       |       |       |       |    67 |    38 |       |   136 |   146 |  6038 ||  6425
       Broad axe         |       |       |       |       |    30 |    91 |   990 |   628 |  2071 ||  3810
       Trident           |       |       |       |       |       |   194 |       |       |       ||   194
       Demon whip        |       |       |       |       |       |       |       |    84 |   156 ||   240
       Maul              |       |       |       |       |       |       |       |       |     1 ||     1
       Double sword      |       |       |       |       |       |       |       |       |    33 ||    33
       Kick              |       |       |       |       |       |       |       |       |  2156 ||  2156
       Demon trident     |       |       |       |       |       |       |       |       |   219 ||   219
Throw: Throwing net      |       |       |       |     1 |     3 |     3 |     2 |       |    13 ||    22
       Dart              |       |       |       |       |     4 |       |       |     3 |       ||     7
       Boomerang         |       |       |       |       |     3 |       |       |       |       ||     3
       Javelin           |       |       |       |       |       |       |    53 |       |    33 ||    86
Invok: Lunge             |       |       |     7 |     5 |    30 |    43 |    57 |    21 |   261 ||   424
       Whirlwind         |       |       |     1 |    46 |   133 |   130 |   133 |   100 |   619 ||  1162
       Heavenly Storm    |       |       |       |       |       |     2 |     3 |     2 |    24 ||    31
       Serpent's Lash    |       |       |       |       |       |     1 |       |       |     5 ||     6
 Abil: Rolling Charge    |    17 |    24 |    38 |    74 |   164 |   167 |   171 |   103 |  1488 ||  2246
       Wall Jump         |       |       |       |     6 |    31 |    15 |    17 |    27 |   128 ||   224
       Evoke Invisibilit |       |       |       |       |     3 |     2 |       |       |       ||     5
       Evoke Berserk Rag |       |       |       |       |     1 |       |     2 |       |       ||     3
       Evoke Flight      |       |       |       |       |       |       |       |       |     5 ||     5
       Stop Flying       |       |       |       |       |       |       |       |       |     4 ||     4
       Evoke Blink       |       |       |       |       |       |       |       |       |     4 ||     4
Evoke: Wand              |       |       |       |       |     5 |     1 |     9 |     4 |    27 ||    46
       Box of beasts     |       |       |       |       |     1 |       |       |       |     1 ||     2
       Phantom mirror    |       |       |       |       |       |       |     1 |       |     3 ||     4
       Lightning rod     |       |       |       |       |       |       |       |       |     2 ||     2
       Phial of floods   |       |       |       |       |       |       |       |       |     1 ||     1
  Use: Scroll            |       |       |    13 |     8 |    27 |    12 |    17 |    12 |    85 ||   174
       Potion            |       |       |       |     1 |     7 |     8 |     6 |     5 |    58 ||    85
 Stab: Held in net/web   |       |       |       |       |     4 |     1 |       |       |     6 ||    11
       Invisible         |       |       |       |       |     2 |     6 |       |       |       ||     8
       Petrified         |       |       |       |       |     5 |       |       |       |       ||     5
       Distracted        |       |       |       |       |     1 |       |     1 |     1 |     7 ||    10
       Sleeping          |       |       |       |       |       |       |       |       |     4 ||     4
       Confused          |       |       |       |       |       |       |       |       |     1 ||     1
Armor: Scale mail        |    29 |    67 |    47 |       |       |       |       |       |       ||   143
       Plate armour      |       |       |    18 |    54 |    76 |   261 |   390 |   325 |   242 ||  1366
       Ring mail         |       |       |       |    54 |   155 |       |       |       |       ||   209
       Acid dragon scale |       |       |       |       |       |       |       |       |   721 ||   721
       Troll leather arm |       |       |       |       |       |       |       |       |  1051 ||  1051
       Chain mail        |       |       |       |       |       |       |       |       |   245 ||   245
       Skin              |       |       |       |       |       |       |       |       |    16 ||    16
Dodge: Dodged            |    10 |    42 |    49 |   106 |   258 |   217 |   356 |   205 |  2885 ||  4128
Block: Kite shield       |    34 |    73 |    88 |   193 |   722 |   247 |   729 |   740 |  6011 ||  8837
       Tower shield      |       |       |       |       |       |   776 |   794 |       |       ||  1570
       Reflection        |       |       |       |       |       |    68 |    96 |    70 |    31 ||   265
       Other             |       |       |       |       |       |       |       |       |     6 ||     6
       Rpst.: Double sword |       |       |       |       |       |       |       |       |     1 ||     1
